Map: Ascension to Aiur LE

Players

HolyHit

  • Race: Protoss Protoss
  • Spawn Location: 11:00

Sluskis - Winner!

  • Race: Zerg Zerg
  • Spawn Location: 5:00

Event: WCS Jonkoping 2017

VOD

Have the link to the VOD?

Description

Time

  • Played on: June 17, 2017, 6:34 a.m.
  • Length: 4:43

All games in this series

Show
View Real Time Build Order
Export as new Build Order

HolyHit Protoss 

Build Orders: Oracle Opening 

Get SALT Encoding   

  12  0:00  Probe (Chrono Boost)  
  13  0:11  Probe (Chrono Boost)  
  14  0:17  Pylon  
  14  0:22  Probe (Chrono Boost)  
  15  0:36  Probe (Chrono Boost)  
  15  0:39  Gateway  
  16  0:44  Assimilator  
  16  0:47  Probe (Chrono Boost)  
  17  0:58  Probe (Chrono Boost)  
  18  1:08  Probe (Chrono Boost)  
  19  1:19  Probe (Chrono Boost)  
  20  1:29  Probe (Chrono Boost)  
  20  1:32  Zealot (Chrono Boost)  
  23  1:34  Cybernetics Core  
  23  1:39  Pylon  
  23  1:45  Gateway  
  23  1:50  Assimilator  
  23  1:57  Probe (Chrono Boost)  
  23  2:09  Probe (Chrono Boost)  
  23  2:10  Adept (Chrono Boost)  
  26  2:19  Probe (Chrono Boost)  
  27  2:26  Stargate  
  30  2:38  Gateway  
  30  2:43  Gateway  
  29  2:46  Mothership Core  
  29  3:07  Probe  
  30  3:16  Pylon  
  30  3:19  Nexus  
  30  3:22  Probe  
  30  3:37  Pylon  
  28  3:43  Oracle (Chrono Boost)  
  28  3:56  Gateway  
  27  4:03  Gateway  
  29  4:17  Gateway  
  29  4:28  Pylon  
Show
View Real Time Build Order
Export as new Build Order

Sluskis Zerg - Winner!

Build Orders: Pool First 

Get SALT Encoding   

  12  0:01  Drone  
  13  0:12  Drone  
  14  0:33  Spawning Pool, Drone  
  14  0:35  Extractor  
  13  0:36  Drone  
  14  0:52  Overlord  
  14  1:19  Zergling x6  
  14  1:21  Queen  
  19  1:30  Zergling x2  
  20  1:44  Metabolic Boost  
  20  1:52  Zergling x4  
  22  2:04  Hatchery  
  21  2:09  Evolution Chamber  
  21  2:15  Zergling x2  
  21  2:20  Zergling x2  
  22  2:32  Overlord  
  21  2:50  Zergling x4  
  21  2:51  Zergling x2  
  24  3:03  Zergling x8  
  24  3:49  Zergling x8  
  24  3:50  Zergling x2  
  28  4:06  Zergling x2  
  28  4:18  Zergling x2  
  28  4:22  Zergling x2  
Tags
 
Add a new tag
Caveats
  • Supply blocks, unpowered buildings, or Contaminate may cause inaccurate times.
  • Supply counts are checked every 10 seconds.